 Dungeon Crawl Stone Soup version 0.25-a0-869-g05d4e06a41 (webtiles) character file.

Game seed: 9958484254751321137, levelgen mode: deterministic

203 Maedhros the Skirmisher (level 5, -3/38 HPs)
             Began as an Octopode Chaos Knight on May 1, 2020.
             Was a Plaything of Xom.
             Slain by an orc
             ... wielding a +3 trident of chaos
              (10 damage)
             ... on level 4 of the Dungeon.
             The game lasted 00:06:09 (10506 turns).

Maedhros the Skirmisher (Octopode Chaos Knight)    Turns: 10506, Time: 00:06:10

Health: -3/38      AC:  1    Str: 10      XL:     5   Next: 81%
Magic:  5/5        EV: 15    Int: 14      God:    Xom [.*....]
Gold:   198        SH:  0    Dex: 13 (14) Spells: 4/4 levels left

rFire    . . .     SeeInvis .   a - +0 spear (chaos)
rCold    . . .     Gourm    .   (no shield)
rNeg     . . .     Faith    +   (helmet restricted)
rPois    .         Spirit   .   j - amulet of faith
rElec    .         Reflect  .   (no ring)
rCorr    .         Harm     .   (no ring)
MR       .....     Clarity  +   (no ring)
Stlth    ++........             (no ring)
HPRegen  0.12/turn              (no ring)
MPRegen  0.09/turn              (no ring)
                                (no ring)
                                (no ring)

@: lethally poisoned (-3 -> -11), flying, hasted, very quick
A: almost no armour, stealthy swim, amphibious, 8 rings, constrict 8, camouflage
1, agile 1, blurry vision 1, clarity, deterioration 1, screaming 2, weak 1,
gelatinous body 1
a: Renounce Religion


You were on level 4 of the Dungeon.
You worshipped Xom.
You were a plaything of Xom.
You were not hungry.

You visited 1 branch of the dungeon, and saw 4 of its levels.

You collected 198 gold pieces.

Inventory:

Hand Weapons
 a - a +0 spear of chaos (weapon)
 l - a +1 hunting sling of chaos
Missiles
 m - 159 stones (quivered)
 p - 11 poisoned darts
Jewellery
 j - an amulet of faith (around mantle)
Scrolls
 e - a scroll of immolation {unknown}
 f - a scroll of fog {unknown}
 g - 9 scrolls of identify {unknown}
 h - a scroll of magic mapping {unknown}
 i - 2 scrolls of enchant armour {unknown}
 n - 2 scrolls of amnesia {unknown}
 o - 2 scrolls of teleportation {unknown}
Potions
 c - 2 potions of magic
Comestibles
 b - 3 rations
 r - a chunk of flesh


   Skills:
 + Level 4.3 Fighting
 + Level 4.3 Polearms
 + Level 4.0 Dodging


You had 4 spell levels left.
You didn't know any spells.
Your spell library was empty.

Dungeon Overview and Level Annotations

Branches:
Dungeon (4/15)
 Temple: D:4-7

Altars:
Hepliaklqana
Kikubaaqudgha
Makhleb
Xom


Innate Abilities, Weirdness & Mutations

You cannot wear most types of armour.
You are very stealthy in the water. (Stealth+)
You are amphibious.
You can wear up to eight rings at the same time.
You can use your tentacles to constrict eight enemies at once.
Your skin changes colour to match your surroundings (Stealth+).
Your rubbery body absorbs attacks. (AC +1, EV +1)
You are agile. (Dex +2)
Scrolls take you a little longer to read.
You possess an exceptional clarity of mind.
Your body sometimes deteriorates upon taking damage.
You sometimes yell uncontrollably at your foes.
You are weak. (Str -2)


Message History

Xom roars with laughter!
The worker ant bites you!
The orc hits you from afar with a +3 trident of chaos.
* * * LOW HITPOINT WARNING * * *
The orc freezes you.
* * * LOW HITPOINT WARNING * * *
Unknown command.
Evoke which item? (* to show all) (? for menu, Esc to quit)
Okay, then.
Okay, then.
Okay, then.
It was a potion of haste.
You feel yourself speed up.
Xom roars with laughter!
The worker ant bites you.
* * * LOW HITPOINT WARNING * * *
You are lethally poisoned!
The worker ant poisons you!
The orc hits you from afar with a +3 trident of chaos!
You die...
Xom guffaws!

................(##
....#.............#
....%.........a..#
..#..............##
............$......
...................
..........o........
.....(.#.#..###..####.
##.....#..##.#.#@..##
#.........##...#a...##.
.......##..#............
$.........>al........##.
.S..#..a...bb..........
...................####.
........<....##.....#
........###..#..##.....
.......## #...........#


You could see 2 worker ants and an orc.

Vanquished Creatures
  A hound (D:2)
  A jelly (D:3)
  A worker ant (D:3)
  3 gnolls (D:2)
  2 adders
  An ooze (D:3)
  A worm (D:2)
  2 leopard geckos
  5 orcs
  2 bat zombies (D:3)
  3 giant cockroaches
  6 goblins
  9 hobgoblins
  A jackal (D:3)
  4 kobolds (D:1)
  2 quokkas (D:3)
  2 ball pythons (D:1)
  3 bats
  4 frilled lizards
  9 rats
  2 rat zombies (D:3)
64 creatures vanquished.

Vanquished Creatures (collateral kills)
  A giant cockroach (D:1)
  A frilled lizard (D:1)
2 creatures vanquished.

Vanquished Creatures (others)
  A bat (D:1)
1 creature vanquished.

Grand Total: 67 creatures vanquished

Notes
Turn   | Place    | Note
-------+----------+-------------------------------------------
     0 | D:1      | Maedhros the Octopode Chaos Knight began the quest for the
                  | Orb.
     0 | D:1      | Reached XP level 1. HP: 16/16 MP: 1/1
   353 | D:1      | Reached XP level 2. HP: 21/21 MP: 2/2
   578 | D:1      | XOM: silly message
  1549 | D:1      | XOM: give mutations
  1549 | D:1      | Gained mutation: You occasionally shout uncontrollably at
                  | your foes. [Xom's mischief]
  1549 | D:1      | Gained mutation: Scrolls take you a little longer to read.
                  | [Xom's mischief]
  1549 | D:1      | Gained mutation: Scrolls take you longer to read. [Xom's
                  | mischief]
  1905 | D:1      | XOM: god gift: 61 gold pieces
  2066 | D:1      | XOM: cloud trail
  3028 | D:1      | XOM: god gift: 38 gold pieces
  3090 | D:1      | XOM: 4-stop teleportation journey
  3161 | D:1      | XOM: give mutations
  3161 | D:1      | Gained mutation: You can translocate small distances at
                  | will. [Xom's grace]
  3161 | D:1      | Gained mutation: Your muscles are strong. (Str +2) [Xom's
                  | grace]
  3161 | D:1      | Gained mutation: You have an increased reservoir of magic.
                  | (+10% MP) [Xom's grace]
  3371 | D:1      | XOM: god gift: glowing hunting sling {god gift}
  3375 | D:1      | XOM: give mutation
  3375 | D:1      | Gained mutation: You possess an exceptional clarity of
                  | mind. [Xom's grace]
  3696 | D:1      | XOM: cloud trail
  3699 | D:2      | XOM: polymorph bat -> giant cockroach
  3706 | D:1      | Reached XP level 3. HP: 17/26 MP: 3/3
  4720 | D:2      | Reached XP level 4. HP: 20/32 MP: 4/4
  4969 | D:1      | XOM: cloud trail
  5191 | D:2      | Found a burning altar of Makhleb.
  5253 | D:1      | XOM: divination: detect items
  5393 | D:1      | XOM: silly message
  5617 | D:1      | XOM: silly message
  5624 | D:1      | XOM: silly message
  6210 | D:1      | XOM: summons 3 hostile demons
  6248 | D:2      | XOM: god gift: scroll labeled DEQEIL XAINA {god gift}
  6288 | D:1      | XOM: 3-stop teleportation journey
  6350 | D:1      | XOM: noise
  6461 | D:1      | XOM: silly message
  6863 | D:2      | Found a shimmering altar of Xom.
  6864 | D:2      | Found a hazy altar of Hepliaklqana.
  6865 | D:2      | Noticed a spectral ugly thing
  6873 | D:2      | XOM: give mutations
  6873 | D:2      | Gained mutation: Your body sometimes deteriorates upon
                  | taking damage. [Xom's mischief]
  6873 | D:2      | Lost mutation: Your muscles are strong. (Str +2) [Xom's
                  | mischief]
  6873 | D:2      | Gained mutation: Your body often deteriorates upon taking
                  | damage. [Xom's mischief]
  6873 | D:2      | Gained mutation: You are frail. (-10% HP) [Xom's mischief]
  7098 | D:1      | XOM: stat loss: -1 Dex (11/12)
  7213 | D:1      | XOM: cloud trail
  7247 | D:1      | XOM: silly message
  7317 | D:1      | XOM is BORED!
  7317 | D:1      | XOM: silly message
  7576 | D:1      | XOM: silly message
  7582 | D:1      | XOM: divination: detect creatures
  7904 | D:1      | XOM: noise
  8468 | D:2      | XOM: give mutations
  8468 | D:2      | Lost mutation: You have an increased reservoir of magic.
                  | (+10% MP) [Xom's mischief]
  8468 | D:2      | Lost mutation: Scrolls take you longer to read. [Xom's
                  | mischief]
  8468 | D:2      | Lost mutation: You can translocate small distances at will.
                  | [Xom's mischief]
  8468 | D:2      | Gained mutation: You are weak. (Str -2) [Xom's mischief]
  8616 | D:2      | XOM is BORED!
  8616 | D:2      | XOM: give mutations
  8616 | D:2      | Lost mutation: Your body often deteriorates upon taking
                  | damage. [Xom's mischief]
  8616 | D:2      | Lost mutation: You are frail. (-10% HP) [Xom's mischief]
  9150 | D:3      | Noticed a glowing shapeshifter
  9150 | D:3      | an adder changed into a glowing shapeshifter
  9150 | D:3      | Noticed a slime creature
  9150 | D:3      | a glowing shapeshifter changed into a slime creature
  9152 | D:3      | Noticed a wolf spider
  9152 | D:3      | a slime creature changed into a wolf spider
  9155 | D:3      | Noticed a merfolk
  9155 | D:3      | a wolf spider changed into a merfolk
  9157 | D:3      | XOM: 1-stop teleportation journey
  9175 | D:3      | XOM: 2-stop teleportation journey
  9178 | D:3      | Reached XP level 5. HP: 22/37 MP: 5/5
 10063 | D:3      | XOM: give mutations
 10063 | D:3      | Gained mutation: You sometimes yell uncontrollably at your
                  | foes. [Xom's mischief]
 10063 | D:3      | Gained mutation: You are agile. (Dex +2) [Xom's mischief]
 10385 | D:3      | Found an ancient bone altar of Kikubaaqudgha.
 10484 | D:4      | XOM: chaos upgrade
 10484 | D:4      | XOM: butterfly on damage
 10506 | D:4      | Slain by an orc

Levels and vault maps discovered:
D:1:      minmay_arrival_hallway, layout_basic
D:2:      layout_basic, regret_index_temple_of_mockery,
          makhleb_blood_cavern_becter
D:3:      layout_basic, lemuel_zombie_altar_kikubaaqudgha
D:4:      layout_cave_pools, serial_shops, nicolae_shop_stone

Skill      XL: |  1  2  3  4  5 |
---------------+----------------+-----
Dodging        | 3 4 |  4.0
Fighting       | 4 |  4.3
Polearms       | 4 |  4.3

Action                   |  1- 3 |  4- 6 || total
-------------------------+-------+-------++-------
Melee: Spear             |    66 |    90 ||   156
       Constrict         |    14 |    17 ||    31
       Tentacles         |    11 |     8 ||    19
 Fire: Hunting sling     |     2 |       ||     2
  Use: Potion            |       |     7 ||     7
 Stab: Sleeping          |     5 |     4 ||     9
       Distracted        |       |     1 ||     1
  Eat: Ration            |     2 |     2 ||     4
       Chunk             |     4 |    12 ||    16
Armor: Skin              |     2 |     1 ||     3
Dodge: Dodged            |    18 |    38 ||    56

Table legend:
 A = Non-vault XP
 B = Vault XP
 C = Vault XP percentage of total XP
 D = Non-vault monster count
 E = Vault monster count
 F = Vault count percentage of total count
                 A         B        C        D         E       F
            +---------+---------+-------+---------+---------+-------
      Total |     245 |      46 |  15.8 |      62 |       5 |   7.5
            +---------+---------+-------+---------+---------+-------
        D:1 |      34 |       0 |   0.0 |      23 |       0 |   0.0
        D:2 |      72 |      40 |  35.7 |      18 |       1 |   5.3
        D:3 |     120 |       6 |   4.8 |      18 |       4 |  18.2
        D:4 |      19 |       0 |   0.0 |       3 |       0 |   0.0
            +---------+---------+-------+---------+---------+-------
